NYP
MAHONING VALLEY SCRAPPERS @ CONNECTICUT TIGERS
08/29/2047
 
TOP OF THE 1ST
Mahoning Valley Scrappers batting - Pitching for Connecticut Tigers : LHP Pete Zamarron
Pitching: LHP Pete Zamarron
Batting: SHB Scott Scott 0-0: Ball
1-0: Ball
2-0: DOUBLE (Line Drive, 89M, EV 93.8 MPH)
Batting: RHB Josh Patterson 0-0: Called Strike
0-1: Foul Ball, location: 2F
0-2: Ground out 4-3 (Groundball, 13, EV 79.4 MPH)
Scott Scott to third
Batting: RHB Alex Vasquez 0-0: Called Strike
0-1: SINGLE (Line Drive, 78S, EV 96.2 MPH)
Scott Scott scores
Batting: LHB Kazuyoshi Nakamura 0-0: Called Strike
0-1: Ball
1-1: Called Strike
1-2: Ball
2-2: Strikes out looking
Batting: RHB Mitch Boyd 0-0: Called Strike
0-1: Called Strike
0-2: Foul Ball, location: 2F
0-2: Hit by Pitch
Alex Vasquez to second
Batting: RHB Eric Kuck 0-0: Ball
1-0: Swinging Strike
1-1: Called Strike
1-2: Strikes out looking
Top of the 1st over - 1 run, 2 hits, 0 errors, 2 left on base; Mahoning Valley 1 - Connecticut 0
BOTTOM OF THE 1ST
Connecticut Tigers batting - Pitching for Mahoning Valley Scrappers : LHP Jose Vega
Pitching: LHP Jose Vega
Batting: RHB Janne Vihko 0-0: Ball
1-0: Foul Ball, location: 2F
1-1: Foul Ball, location: 2F
1-2: Ball
2-2: Ball
3-2: Ground out 6-3 (Groundball, 6, EV 88.1 MPH)
Batting: RHB Tony Nunez 0-0: Fly out, F8 (Flyball, 8RD, EV 96.2 MPH)
Batting: RHB Jaden Warrior 0-0: Called Strike
0-1: Ball
1-1: Ball
2-1: DOUBLE (Line Drive, 8LXD, EV 111.9 MPH)
Batting: LHB Nick Swank 0-0: Reached on error, E6 (Groundball, 4MS, EV 80.6 MPH)
Jaden Warrior to third
Batting: LHB Antonio Luis 0-0: Called Strike
0-1: Ball
1-1: Ball
2-1: SINGLE (Line Drive, 78S, EV 100.0 MPH)
Jaden Warrior scores
Nick Swank to second
Batting: RHB Gabe Higley 0-0: Ground out 5-3 (Groundball, 56, EV 102.5 MPH)
Bottom of the 1st over - 1 run, 2 hits, 1 error, 2 left on base; Mahoning Valley 1 - Connecticut 1
TOP OF THE 2ND
Mahoning Valley Scrappers batting - Pitching for Connecticut Tigers : LHP Pete Zamarron
Batting: RHB Jeremy Givens 0-0: Ball
1-0: Ball
2-0: Called Strike
2-1: Swinging Strike
2-2: Foul Ball, location: 2F
2-2: Strikes out swinging
Batting: SHB Travis Burnett 0-0: Ball
1-0: Called Strike
1-1: Ball
2-1: Called Strike
2-2: Ball
3-2: DOUBLE (Groundball, 5L, EV 103.8 MPH)
Batting: RHB Ricky Cordova 0-0: Ball
1-0: Foul Ball, location: 2F
1-1: Foul Ball, location: 2F
1-2: Ball
2-2: SINGLE (Groundball, 5S, EV 68.1 MPH) (infield hit)
Travis Burnett to third
Batting: SHB Scott Scott 0-0: Ball
1-0: Ball
2-0: DOUBLE (Groundball, 5L, EV 108.8 MPH)
Travis Burnett scores
Ricky Cordova to third
Runner from 3rd tries for Home, SAFE, throw by LF to home
Batting: RHB Josh Patterson 0-0: Ball
1-0: Ball
2-0: Ball
3-0: Base on Balls
Batting: RHB Alex Vasquez 0-0: Ball
1-0: Swinging Strike
1-1: Called Strike
1-2: Foul Ball, location: 2F
1-2: Foul Ball, location: 2F
1-2: DOUBLE (Line Drive, 5D, EV 96.2 MPH)
Scott Scott scores
Josh Patterson to third
Batting: LHB Kazuyoshi Nakamura 0-0: Ground out 4-3 (Groundball, 34, EV 80.0 MPH)
Josh Patterson scores
Alex Vasquez to third
Batting: RHB Mitch Boyd 0-0: Called Strike
0-1: Ball
1-1: SINGLE (Groundball, 56, EV 105.0 MPH) (infield hit)
Alex Vasquez scores
Pitching: RHP Dave Valdez
Batting: RHB Eric Kuck 0-0: Called Strike
Mitch Boyd steals 2nd base
0-1: Called Strike
0-2: Strikes out swinging
Top of the 2nd over - 5 runs, 5 hits, 0 errors, 1 left on base; Mahoning Valley 6 - Connecticut 1
BOTTOM OF THE 2ND
Connecticut Tigers batting - Pitching for Mahoning Valley Scrappers : LHP Jose Vega
Batting: RHB Zack DiCicco 0-0: Fly out, F8 (Line Drive, 8RM, EV 89.4 MPH)
Batting: RHB Kaleb Yerger 0-0: Fly out, F4 (Popup, 4M, EV 57.5 MPH)
Batting: SHB Ian Arlotta 0-0: Ball
1-0: Ball
2-0: Swinging Strike
2-1: Foul Ball, location: 2F
2-2: Ball
3-2: Ground out 6-3 (Groundball, 6, EV 103.8 MPH)
Bottom of the 2nd over - 0 runs, 0 hits, 0 errors, 0 left on base; Mahoning Valley 6 - Connecticut 1
TOP OF THE 3RD
Mahoning Valley Scrappers batting - Pitching for Connecticut Tigers : RHP Dave Valdez
Batting: RHB Jeremy Givens 0-0: Called Strike
0-1: Swinging Strike
0-2: Ball
1-2: Ball
2-2: Foul Ball, location: 2F
2-2: Fly out, F9 (Flyball, 9, EV 85.6 MPH)
Batting: SHB Travis Burnett 0-0: Ground out 4-3 (Groundball, 4S, EV 68.1 MPH)
Batting: RHB Ricky Cordova 0-0: Ball
1-0: Ball
2-0: Called Strike
2-1: Called Strike
2-2: Strikes out swinging
Top of the 3rd over - 0 runs, 0 hits, 0 errors, 0 left on base; Mahoning Valley 6 - Connecticut 1
BOTTOM OF THE 3RD
Connecticut Tigers batting - Pitching for Mahoning Valley Scrappers : LHP Jose Vega
Batting: RHB Janne Vihko 0-0: Called Strike
0-1: SINGLE (Groundball, 6MD, EV 95.0 MPH)
Batting: RHB Tony Nunez Pickoff Throw to First - Out! 1-3
0-0: Called Strike
0-1: Ball
1-1: Swinging Strike
1-2: Ball
2-2: Ball
3-2: Ground out 3-1 (Groundball, 34, EV 78.1 MPH)
Batting: RHB Jaden Warrior 0-0: Foul Ball, location: 2F
0-1: Swinging Strike
0-2: Foul Ball, location: 2F
0-2: Strikes out swinging
Bottom of the 3rd over - 0 runs, 1 hit, 0 errors, 0 left on base; Mahoning Valley 6 - Connecticut 1
TOP OF THE 4TH
Mahoning Valley Scrappers batting - Pitching for Connecticut Tigers : RHP Dave Valdez
Batting: SHB Scott Scott 0-0: Ball
1-0: Ball
2-0: Foul Ball, location: 2F
2-1: Ball
3-1: Base on Balls
Batting: RHB Josh Patterson 0-0: Called Strike
0-1: Fly out, F8 (Flyball, 8LM, EV 85.6 MPH)
Batting: RHB Alex Vasquez 0-0: Ball
1-0: Ball
Wild Pitch!
Scott Scott to second
2-0: Ball
3-0: Base on Balls
Batting: LHB Kazuyoshi Nakamura 0-0: Ball
Scott Scott steals 3rd base
1-0: Called Strike
1-1: Foul Ball, location: 2F
1-2: Strikes out swinging
Batting: RHB Mitch Boyd 0-0: Ball
1-0: Foul Ball, location: 2F
1-1: Ball
Pickoff Throw to First - Out! 1-3
Top of the 4th over - 0 runs, 0 hits, 0 errors, 1 left on base; Mahoning Valley 6 - Connecticut 1
BOTTOM OF THE 4TH
Connecticut Tigers batting - Pitching for Mahoning Valley Scrappers : LHP Jose Vega
Batting: LHB Nick Swank 0-0: Ball
1-0: Called Strike
1-1: DOUBLE (Line Drive, 7LS, EV 97.5 MPH)
Pinch Runner at 2nd Khalil Coleman:
Batting: LHB Antonio Luis 0-0: Swinging Strike
0-1: Swinging Strike
0-2: Foul Ball, location: 2F
0-2: Strikes out swinging
Batting: RHB Gabe Higley 0-0: DOUBLE (Line Drive, 9LM, EV 110.6 MPH)
Khalil Coleman scores
Batting: RHB Zack DiCicco 0-0: Ground out 4-3 (Groundball, 4, EV 83.1 MPH)
Gabe Higley to third
Batting: RHB Kaleb Yerger 0-0: Reached on error, E1 (Groundball, 15S, EV 68.8 MPH)
Gabe Higley scores
Batting: SHB Ian Arlotta 0-0: Called Strike
0-1: Ball
1-1: Swinging Strike
1-2: Ball
2-2: Ground out 6-3 (Groundball, 6M, EV 96.9 MPH)
Bottom of the 4th over - 2 runs, 2 hits, 1 error, 1 left on base; Mahoning Valley 6 - Connecticut 3
TOP OF THE 5TH
Mahoning Valley Scrappers batting - Pitching for Connecticut Tigers : RHP Dave Valdez
Now at C: Khalil Coleman
Batting: RHB Mitch Boyd 0-0: Ball
1-0: Ball
2-0: Called Strike
2-1: Swinging Strike
2-2: Strikes out looking
Batting: RHB Eric Kuck 0-0: Called Strike
0-1: Ball
1-1: Ground out 6-3 (Groundball, 6, EV 83.8 MPH)
Batting: RHB Jeremy Givens 0-0: Called Strike
0-1: Ball
1-1: Foul Ball, location: 2F
1-2: Ball
2-2: Ball
3-2: Ground out 5-3 (Groundball, 56S, EV 85.6 MPH)
Top of the 5th over - 0 runs, 0 hits, 0 errors, 0 left on base; Mahoning Valley 6 - Connecticut 3
BOTTOM OF THE 5TH
Connecticut Tigers batting - Pitching for Mahoning Valley Scrappers : LHP Jose Vega
Batting: RHB Janne Vihko 0-0: Ground out 6-3 (Groundball, 6, EV 106.2 MPH)
Batting: RHB Tony Nunez 0-0: Called Strike
0-1: Ball
1-1: Ball
2-1: Foul Ball, location: 2F
2-2: Strikes out swinging
Batting: RHB Jaden Warrior 0-0: Ball
1-0: Called Strike
1-1: Ball
2-1: Ball
3-1: Foul Ball, location: 2F
3-2: SINGLE (Flyball, 9LS, EV 91.2 MPH)
Batting: RHB Khalil Coleman 0-0: Ball
1-0: Called Strike
1-1: Ball
2-1: Ball
3-1: Foul Ball, location: 2F
3-2: Strikes out swinging
Bottom of the 5th over - 0 runs, 1 hit, 0 errors, 1 left on base; Mahoning Valley 6 - Connecticut 3
TOP OF THE 6TH
Mahoning Valley Scrappers batting - Pitching for Connecticut Tigers : RHP Dave Valdez
Batting: SHB Travis Burnett 0-0: Ball
1-0: Fly out, F8 (Flyball, 8LXD, EV 85.0 MPH)
Batting: RHB Ricky Cordova 0-0: Ball
1-0: Ball
2-0: Ball
3-0: Base on Balls
Pitching: RHP Larry Mathieu
Batting: SHB Scott Scott 0-0: Called Strike
Ricky Cordova steals 2nd base
0-1: Swinging Strike
0-2: Foul Ball, location: 2F
0-2: Ball
Wild Pitch!
Ricky Cordova to third
1-2: Strikes out swinging, 2-3 out at first.
Batting: RHB Josh Patterson 0-0: Called Strike
0-1: Foul Ball, location: 2F
0-2: Strikes out swinging
Top of the 6th over - 0 runs, 0 hits, 0 errors, 1 left on base; Mahoning Valley 6 - Connecticut 3
BOTTOM OF THE 6TH
Connecticut Tigers batting - Pitching for Mahoning Valley Scrappers : LHP Jose Vega
Batting: LHB Antonio Luis 0-0: Ball
1-0: Ball
2-0: Fly out, F4 (Flyball, 3D, EV 95.0 MPH)
Batting: RHB Gabe Higley 0-0: Ground out 6-3 (Groundball, 6M, EV 81.9 MPH)
Batting: RHB Zack DiCicco 0-0: Called Strike
0-1: Fly out, F8 (Flyball, 8RD, EV 85.6 MPH)
Bottom of the 6th over - 0 runs, 0 hits, 0 errors, 0 left on base; Mahoning Valley 6 - Connecticut 3
TOP OF THE 7TH
Mahoning Valley Scrappers batting - Pitching for Connecticut Tigers : RHP Larry Mathieu
Batting: RHB Alex Vasquez 0-0: Foul Ball, location: 2F
0-1: Foul Ball, location: 2F
0-2: Ball
1-2: Ball
2-2: Ball
3-2: Ground out 5-3 (Groundball, 5, EV 80.6 MPH)
Batting: LHB Kazuyoshi Nakamura 0-0: Ball
1-0: Foul Ball, location: 2F
1-1: Ball
2-1: SINGLE (Groundball, 4MD, EV 98.8 MPH)
Batting: RHB Mitch Boyd 0-0: Ball
1-0: Called Strike
1-1: Ball
2-1: Foul Ball, location: 2F
2-2: Strikes out swinging
Batting: RHB Eric Kuck 0-0: Called Strike
Kazuyoshi Nakamura steals 2nd base
0-1: Ball
1-1: Swinging Strike
1-2: Ball
2-2: Foul Ball, location: 2F
2-2: Ball
3-2: Foul Ball, location: 2F
3-2: Foul Ball, location: 2F
3-2: Strikes out swinging, 2-3 out at first.
Top of the 7th over - 0 runs, 1 hit, 0 errors, 1 left on base; Mahoning Valley 6 - Connecticut 3
BOTTOM OF THE 7TH
Connecticut Tigers batting - Pitching for Mahoning Valley Scrappers : LHP Jose Vega
Batting: RHB Kaleb Yerger 0-0: Ball
1-0: Foul Ball, location: 2F
1-1: Ball
2-1: Swinging Strike
2-2: Foul Ball, location: 2F
2-2: Foul Ball, location: 2F
2-2: Ball
3-2: Foul Ball, location: 2F
3-2: Strikes out swinging
Batting: SHB Ian Arlotta 0-0: Called Strike
0-1: Ball
1-1: Swinging Strike
1-2: Ground out U3 (Groundball, 3, EV 86.9 MPH)
Batting: RHB Janne Vihko 0-0: Called Strike
0-1: Ball
1-1: Foul Ball, location: 2F
1-2: Ball
2-2: Ground out 5-3 (Groundball, 56, EV 103.8 MPH)
Bottom of the 7th over - 0 runs, 0 hits, 0 errors, 0 left on base; Mahoning Valley 6 - Connecticut 3
TOP OF THE 8TH
Mahoning Valley Scrappers batting - Pitching for Connecticut Tigers : RHP Larry Mathieu
Pitching: LHP Victor Villarreal
Batting: RHB Jeremy Givens 0-0: Ball
1-0: Foul Ball, location: 2F
1-1: Called Strike
1-2: SINGLE (Line Drive, 6D, EV 96.2 MPH)
Batting: SHB Travis Burnett 0-0: Ball
Pickoff Throw to First - Out! 1-3 CS
1-0: Ground out 6-3 (Groundball, 6, EV 108.1 MPH)
Batting: RHB Ricky Cordova 0-0: Ball
1-0: Foul Ball, location: 2F
1-1: Ball
2-1: Ground out 6-3 (Groundball, 56D, EV 108.8 MPH)
Top of the 8th over - 0 runs, 1 hit, 0 errors, 0 left on base; Mahoning Valley 6 - Connecticut 3
BOTTOM OF THE 8TH
Connecticut Tigers batting - Pitching for Mahoning Valley Scrappers : LHP Jose Vega
Batting: RHB Tony Nunez 0-0: Ball
1-0: Ground out 6-3 (Groundball, 6, EV 105.0 MPH)
Batting: RHB Jaden Warrior 0-0: Called Strike
0-1: Swinging Strike
0-2: Ground out 5-3 (Groundball, 5L, EV 105.0 MPH)
Batting: RHB Khalil Coleman 0-0: Ball
1-0: Called Strike
1-1: Ground out U3 (Groundball, 3S, EV 85.6 MPH)
Bottom of the 8th over - 0 runs, 0 hits, 0 errors, 0 left on base; Mahoning Valley 6 - Connecticut 3
TOP OF THE 9TH
Mahoning Valley Scrappers batting - Pitching for Connecticut Tigers : LHP Victor Villarreal
Batting: SHB Scott Scott 0-0: Called Strike
0-1: Foul Ball, location: 2F
0-2: Ball
1-2: Foul Ball, location: 2F
1-2: Ball
2-2: Foul Ball, location: 2F
2-2: Ball
3-2: Foul Ball, location: 2F
3-2: Foul Ball, location: 2F
3-2: Ground out 5-3 (Groundball, 56, EV 76.9 MPH)
Batting: RHB Josh Patterson 0-0: Ground out 6-3 (Groundball, 6M, EV 98.8 MPH)
Batting: RHB Alex Vasquez 0-0: Fly out, F8 (Flyball, 8LXD, EV 92.5 MPH)
Top of the 9th over - 0 runs, 0 hits, 0 errors, 0 left on base; Mahoning Valley 6 - Connecticut 3
BOTTOM OF THE 9TH
Connecticut Tigers batting - Pitching for Mahoning Valley Scrappers : LHP Jose Vega
Pitching: RHP Rainer Von Croy
Batting: LHB Antonio Luis 0-0: Fly out, F6 (Line Drive, 6M, EV 63.1 MPH)
Batting: RHB Gabe Higley 0-0: Ball
1-0: Ball
2-0: Ball
3-0: Called Strike
3-1: Foul Ball, location: 2F
3-2: Strikes out swinging
Batting: RHB Zack DiCicco 0-0: Foul Ball, location: 2F
0-1: Ball
1-1: Fly out, F2 (Popup, 5SF, EV 81.9 MPH)
Bottom of the 9th over - 0 runs, 0 hits, 0 errors, 0 left on base; Mahoning Valley 6 - Connecticut 3
Thursday, December 15th , 2022 - OOTP Baseball 23.9 Build 102